 Dungeon Crawl Stone Soup version 0.30-a0-169-g06f667207d (webtiles) character file.

Game seed: 10791707103599523029

210 qw the Chopper (level 5, 0/32 HPs)
             Began as a Gargoyle Fighter on Sept 29, 2022.
             Slain by Grinder (1 damage)
             ... while paralysed by Grinder
             ... on level 3 of the Dungeon.
             The game lasted 00:00:43 (2285 turns).

qw the Chopper (Gargoyle Fighter)                   Turns: 2285, Time: 00:00:44

Health: 0/32       AC:  0    Str: 21    XL:     5   Next: 88%
Magic:  5/5        EV:  5    Int:  9    God:
Gold:   182        SH:  0    Dex: 14    Spells: 4/4 levels left

rFire   . . .      SeeInvis .    (weapon currently unavailable)
rCold   . . .      Faith    .    (shield currently unavailable)
rNeg    + . .      Spirit   .    (body armour currently unavailable)
rPois   inf        Reflect  .    (helmet currently unavailable)
rElec   .          Harm     .    (cloak currently unavailable)
rCorr   .          Rampage  .    (gloves currently unavailable)
Will    .....                    (boots currently unavailable)
Stlth   +.........               (no amulet)
HPRegen 0.10/turn                (ring currently unavailable)
MPRegen 0.09/turn                (ring currently unavailable)

@: paralysed, bat-form, flying, very quick
A: fast, flying, no casting, sickness immunity, AC +4, tiny, negative energy
resistance 1, (electricity resistance), torment resistance 1, petrification
resistance
a: no special abilities


You were on level 3 of the Dungeon.
You were a bat.
You visited 1 branch of the dungeon, and saw 3 of its levels.

You collected 182 gold pieces.


Innate Abilities, Weirdness & Mutations

You are a bat.
You are tiny and dextrous.
You move quickly.
You are flying.
Your equipment is almost entirely melded.
You are incapable of wielding weapons or throwing items.
You cannot cast spells.
You are immune to sickness and miasma.
((Your stone body is resilient. (AC +4)))
You are immune to poison.
You resist negative energy. (rN+)
((You are resistant to electric shocks. (rElec)))
You are resistant to unholy torment.
You are immune to petrification.


   Skills:
 - Level 3.5 Fighting
 - Level 5.2 Axes
 - Level 3.2 Armour
 + Level 0.0 Dodging
 - Level 3.2 Shields


You had 4 spell levels left.
You didn't know any spells.
Your spell library was empty.

Inventory:

Hand Weapons
 n - a +0 morningstar
 Y - a +0 war axe (melded)
Armour
 a - a +0 cloak
 b - a +0 scale mail (melded)
 c - a +0 buckler (melded)
Scrolls
 e - a scroll of teleportation
 i - 2 scrolls of identify
 l - a scroll of magic mapping {unknown}
 o - a scroll of noise {unknown}
Potions
 d - 2 potions of might
 f - a potion of resistance {unknown}
 g - a potion of mutation {unknown}
 h - a potion of lignification {unknown}
 j - a potion of heal wounds {unknown}
 k - a potion of experience {unknown}
 m - a potion of attraction {unknown}

Dungeon Overview and Level Annotations

Branches:
Dungeon (3/15)

Altars:
Kikubaaqudgha

Annotations:
D:3 Grinder


Message History

Grinder blinks!
You start resting.
Grinder is nearby!
Grinder gestures at you.
You suddenly lose the ability to move!
Your transformation is almost over.
You can move again.
Grinder gestures at you.
You shrug off the repeated paralysis!
You barely miss Grinder.
Grinder is moderately wounded.
Grinder hits you.
You writhe in agony.
You closely miss Grinder.
Grinder is moderately wounded.
Grinder hits you but does no damage.
You slash Grinder!
Grinder is heavily wounded.
Grinder hits you but does no damage.
You closely miss Grinder.
Grinder is heavily wounded.
You feel less wooden.
Your +0 scale mail unmelds from your body.
Grinder blinks! x2
You slash Grinder!
Grinder is severely wounded.
Grinder zaps a wand.
You turn into a bat.
Your +0 war axe melds into your body.
Your +0 buckler melds into your body.
Your +0 scale mail melds into your body.
You hit Grinder.
Grinder is almost dead.
Grinder hits you!
You hit Grinder.
Grinder is almost dead.
Grinder gestures at you.
You suddenly lose the ability to move!
Grinder gestures at you. You resist with significant effort. Grinder hits you!
You writhe in agony.
Grinder hits you.
You writhe in agony.
You die...

#### ...# ##.#
#.# #########
#.##.. ........#
#.##.# #b#
#.##.# #5#
#.##.# #.#
#.##.# #.#
##.##.# #.#####
...##.# #.....#
##.##.# #####.#
......# #####
#.#
#..#########...#
#.#


You could see Grinder.

Vanquished Creatures
  3 vampire bats (D:3)
  An iguana (D:3)
  2 adders
  A worm (D:2)
  A dart slug (D:1)
  3 orcs (D:3)
  4 bats
  2 bat skeletons (D:3)
  4 bat zombies (D:3)
  2 endoplasms (D:2)
  A giant cockroach (D:2)
  3 goblins
  A hobgoblin (D:2)
  3 jackals (D:2)
  4 quokkas
  A ball python (D:2)
  A frilled lizard (D:1)
  2 kobolds (D:2)
  3 rats
42 creatures vanquished.

Notes
Turn   | Place    | Note
-------+----------+-------------------------------------------
     0 | D:1      | qw the Gargoyle Fighter began the quest for the Orb.
     0 | D:1      | Reached XP level 1. HP: 14/14 MP: 1/1
     0 | D:1      | 0 ||| qw: Version: 0.2-a-12-gaebbb33
     0 | D:1      | 0 ||| qw: Game counter: 1342
     0 | D:1      | 0 ||| qw: Always use a shield: true
     0 | D:1      | 0 ||| qw: God list: Okawaru
     0 | D:1      | 0 ||| qw: Allow faded altars: false
     0 | D:1      | 0 ||| qw: Do Orc after D:15 true
     0 | D:1      | 0 ||| qw: Do second Lair branch before Depths: true
     0 | D:1      | 0 ||| qw: Lair rune preference: random
     0 | D:1      | 0 ||| qw: Plans: Normal, Zot:1-4, God:TSO, Crypt, Tomb,
                  | Pan, Slime:5, Hells, Abyss, Orb
     0 | D:1      | 0 ||| PLANNING D:1-11
    17 | D:1      | Reached skill level 2 in Axes
   217 | D:1      | 217 ||| READING scroll labelled WOCIUB HOQUO.
   218 | D:1      | 218 ||| READING scroll labelled NOHIHE SIBEP.
   219 | D:1      | 219 ||| Stepping randomly (stuck).
   220 | D:1      | 220 ||| Stepping randomly (stuck).
   232 | D:1      | Reached XP level 2. HP: 18/19 MP: 2/2
   633 | D:1      | 633 ||| READING scroll labelled BOSIOHI ATRAI.
   634 | D:1      | 634 ||| READING scroll labelled GEUC YHOAT.
   762 | D:2      | Reached skill level 3 in Axes
   825 | D:2      | Reached XP level 3. HP: 22/23 MP: 3/3
   952 | D:2      | 952 ||| Stepping ~*~*~tactically~*~*~ (stealth).
   998 | D:2      | 998 ||| Stepping ~*~*~tactically~*~*~ (stealth).
   999 | D:2      | 999 ||| Stepping ~*~*~tactically~*~*~ (stealth).
  1287 | D:2      | Found a faded altar of an unknown god.
  1558 | D:2      | 1558 ||| READING scroll labelled GEOXKUYCAH.
  1559 | D:2      | 1559 ||| DRINKING 2 silvery potions.
  1560 | D:2      | 1560 ||| DROPPING potion of flight.
  1574 | D:3      | 1574 ||| STAIRDANCE
  1595 | D:3      | 1595 ||| STAIRDANCE
  1604 | D:3      | Reached XP level 4. HP: 28/28 MP: 4/4
  1709 | D:3      | Reached skill level 4 in Axes
  1730 | D:3      | Found an ancient bone altar of Kikubaaqudgha.
  1742 | D:3      | Reached XP level 5. HP: 30/32 MP: 5/5
  1755 | D:3      | Reached skill level 5 in Axes
  1980 | D:3      | 1980 ||| DROPPING +0 club.
  2248 | D:3      | Noticed Grinder
  2252 | D:3      | Paralysed by Grinder for 4 turns
  2268 | D:3      | Paralysed by Grinder for 5 turns
  2282 | D:3      | Paralysed by Grinder for 4 turns
  2284 | D:3      | HP: 5/32 [Grinder (7)]
  2284 | D:3      | HP: 2/32 [Grinder (3)]
  2285 | D:3      | Slain by Grinder

Levels and vault maps discovered:
D:1:      lightli_iron_boxes, layout_rooms, serial_aquarium,
          aquarium_bridge_straight [aquarium_subvault_bridge,
          aquarium_subvault_wall, aquarium_subvault_bridge,
          aquarium_subvault_window], aquarium_window_corner,
          aquarium_window_fake, aquarium_window_fake, aquarium_view_2c,
          aquarium_pool_side
D:2:      layout_loops_ring, shapermc_ecumenical_altar_mp_vishouse
D:3:      layout_loops_ring, kennysheep_vampire_church, uniq_grinder

Skill      XL: |  1  2  3  4  5 |
---------------+----------------+-----
Axes           | 2 3 4 5 |  5.2
Fighting       | |  3.5
Armour         | |  3.2
Shields        | |  3.2

Action                   |  1- 3 |  4- 6 || total
-------------------------+-------+-------++-------
Melee: War axe           |    76 |    53 ||   129
       Unarmed           |       |     2 ||     2
  Use: Scroll            |     5 |       ||     5
       Potion            |     1 |       ||     1
Armor: Scale mail        |    36 |    38 ||    74
       Skin              |       |     2 ||     2
Dodge: Dodged            |    28 |    35 ||    63
Block: Buckler           |    11 |    11 ||    22

Table legend:
 A = Non-vault XP
 B = Vault XP
 C = Vault XP percentage of total XP
 D = Non-vault monster count
 E = Vault monster count
 F = Vault count percentage of total count
                 A         B        C        D         E       F
            +---------+---------+-------+---------+---------+-------
      Total |     120 |     181 |  60.1 |      33 |       9 |  21.4
            +---------+---------+-------+---------+---------+-------
        D:1 |      12 |       0 |   0.0 |       6 |       0 |   0.0
        D:2 |      47 |       0 |   0.0 |      19 |       0 |   0.0
        D:3 |      61 |     181 |  74.8 |       8 |       9 |  52.9
            +---------+---------+-------+---------+---------+-------
